 Dungeon Crawl Stone Soup version 0.25.1-2-g60ff931df9 (webtiles) character file.

Game seed: 17395387852424087266

5245 Curus the Cleaver (level 10, -6/77 HPs)
             Began as a Minotaur Abyssal Knight on Aug 31, 2020.
             Was a High Priest of Lugonu.
             Mangled by an orc warrior
             ... wielding a +0 battleaxe
              (20 damage)
             ... on level 9 of the Dungeon.
             The game lasted 00:47:39 (9276 turns).

Curus the Cleaver (Minotaur Abyssal Knight)         Turns: 9276, Time: 00:47:40

Health: -6/77      AC: 21    Str: 17    XL:     10   Next: 36%
Magic:  16/16      EV:  5    Int:  9    God:    Lugonu [*****.]
Gold:   422        SH:  0    Dex: 13    Spells: 9/9 levels left

rFire    . . .     SeeInvis .   B - +3 war axe (protect)
rCold    + . .     Gourm    .   (no shield)
rNeg     . . .     Faith    .   u - +0 plate armour
rPois    +         Spirit   .   (helmet restricted)
rElec    .         Reflect  .   j - +1 cloak
rCorr    .         Harm     .   (no gloves)
MR       .....                  y - +0 pair of boots (curse)
Stlth    ..........             C - amulet of the acrobat
HPRegen  0.22/turn              E - ring of poison resistance
MPRegen  0.15/turn              r - ring of protection from cold

@: protection aura, berserk cooldown, studying Throwing
A: retaliatory headbutt, horns 2
a: Depart the Abyss, Bend Space, Banish, Corrupt, Enter the Abyss, Renounce
Religion


You were on level 9 of the Dungeon.
You worshipped Lugonu.
Lugonu was extremely pleased with you.
You were not hungry.

You visited 1 branch of the dungeon, and saw 9 of its levels.
You visited the Abyss 1 time.

You collected 422 gold pieces.

Inventory:

Hand Weapons
 a - a +2 hand axe
 k - a +4 hand axe
 t - the +4 flail of Luxury {holy, *Noise rPois Int+4}
   (You found it on level 4 of the Dungeon)

   It has been blessed by the Shining One to cause great damage to the undead
   and demons.
   It affects your intelligence (+4).
   It protects you from poison.
   It may make noises in combat.
 w - a +0 flail of holy wrath
 B - a +3 war axe of protection (weapon)
Armour
 b - a +0 leather armour
 e - a +0 scale mail
 f - a +0 chain mail
 j - a +1 cloak (worn)
 u - a +0 plate armour (worn)
 y - a cursed +0 pair of boots (worn)
Jewellery
 g - an uncursed ring of positive energy
 r - a ring of protection from cold (right hand)
 C - an amulet of the acrobat (around neck)
 E - a ring of poison resistance (left hand)
 F - an uncursed ring of ice
Wands
 o - a wand of random effects (20)
 s - a wand of acid (4)
 G - a wand of digging (11)
Scrolls
 h - 4 scrolls of identify
 i - 2 scrolls of fear
 m - 4 scrolls of teleportation
 n - 4 scrolls of remove curse
 q - 2 scrolls of fog
 x - 2 scrolls of magic mapping
 A - 4 scrolls of amnesia
Potions
 d - 2 potions of curing
 l - a potion of invisibility
 D - 2 potions of flight
 H - a potion of brilliance
Books
 p - a manual of Throwing
Comestibles
 c - 23 rations
 z - 10 chunks of flesh


   Skills:
 - Level 3.6 Fighting
 * Level 13.5 Axes
 - Level 2.4 Armour
 - Level 1.1 Dodging
 + Level 10.3 Invocations


You had 9 spell levels left.
You didn't know any spells.
Your spell library contained the following spells:

 Spells                   Type           Power        Failure   Level  Hunger
 Animate Skeleton         Necr           N/A          100%        1    ##.....
 Apportation              Tloc           #.....       100%        1    ##.....
 Corona                   Hex            #......      100%        1    ##.....
 Magic Dart               Conj           #...         100%        1    ##.....
 Summon Butterflies       Summ           #.......     100%        1    ##.....
 Summon Small Mammal      Summ           #...         100%        1    ##.....
 Searing Ray              Conj           #.....       100%        2    ###....
 Conjure Flame            Conj/Fire      #.......     100%        3    ####...
 Dazzling Flash           Conj/Hex       #.....       100%        3    ####...
 Inner Flame              Hex/Fire       #.......     100%        3    ####...
 Fulminant Prism          Conj/Hex       #.........   100%        4    #####..
 Iskenderun's Mystic Bla  Conj/Tloc      #.......     100%        4    #####..
 Summon Ice Beast         Ice/Summ       #.......     100%        4    #####..
 Spellforged Servitor     Conj/Summ      #.........   100%        7    #######


Dungeon Overview and Level Annotations

Branches:
Dungeon (9/15)             Temple (0/1) D:7             Orc (0/2) D:9
   Lair: D:8-11

Altars:
Gozag
Yredelemnul

Shops:
D:8 }


Innate Abilities, Weirdness & Mutations

You reflexively headbutt those who attack you in melee.
You have a pair of horns on your head.


Message History

The orc wizard casts a spell.
The orc wizard blinks!
The orc hits you but does no damage.
You hit the orc warrior.
The orc warrior is almost dead.
You slash the orc!
You kill the orc!
Lugonu accepts your kill.
The orc warrior hits you with a +0 battleaxe.
* * * LOW HITPOINT WARNING * * *
Your plate armour prevents you from hitting the orc warrior.
You headbutt the orc warrior, but do no damage.
The orc warrior is almost dead.
You slash the orc!
You kill the orc!
Lugonu accepts your kill.
You hit the orc wizard but do no damage.
The orc wizard casts a spell at you.
The magic dart hits you but does no damage.
The orc warrior hits you with a +0 battleaxe!!
You die...

#....# ##.#'#
#....# #.##..
#....####.#
.>. ' #
#.†....##.#
..# ..#.
#.))...##.#
##'
..'..#..)...#
#..'......#
###'#..o...#
#.....o@...#
#....##)####
#.... ..#
.'....#..#
.#... #..#
#... #..' #..
#... ##'.


You could see an orc warrior and an orc wizard (fast).

Vanquished Creatures
  Pikel (D:5)
  A gargoyle (D:9)
  Prince Ribbit (D:5)
  Grinder (D:4)
  Sigmund (D:3)
  A yak (D:9)
  Menkaure (D:4)
  Edmund (D:4)
  3 orc warriors (D:8)
  A slave (D:5)
  An ice beast (D:8)
  A phantom (D:9)
  3 sky beasts
  3 ogres
  An eye of draining (D:9)
  2 centaurs
  2 big kobolds
  A gnoll sergeant (D:8)
  A bullfrog (D:8)
  A water moccasin skeleton (D:3)
  11 killer bees
  4 howler monkeys
  5 crimson imps
  A bullfrog zombie (D:5)
  2 centaur skeletons
  5 orc priests
  A bullfrog skeleton (D:8)
  A hound (D:4)
  2 jellies (D:8)
  Ijyb (D:4)
  5 iguanas
  8 orc wizards
  6 worker ants
  2 worker ant zombies
  5 gnolls (D:8)
  6 adders
  A shadow imp (D:7)
  2 oozes
  An adder zombie (D:7)
  5 worms
  3 dart slugs
  7 leopard geckos
  59 orcs
  3 ball pythons
  8 bats
  4 giant cockroaches
  11 goblins
  4 hobgoblins
  7 jackals
  A quokka (D:3)
  4 frilled lizards
  9 kobolds
  A leopard gecko zombie (D:4)
  6 rats
229 creatures vanquished.

Vanquished Creatures (others)
  A leopard gecko (D:5)
1 creature vanquished.

Grand Total: 230 creatures vanquished

Notes
Turn   | Place    | Note
-------+----------+-------------------------------------------
     0 | Abyss:1  | Curus the Minotaur Abyssal Knight began the quest for the
                  | Orb.
     0 | Abyss:1  | Reached XP level 1. HP: 19/19 MP: 1/1
    71 | Abyss:1  | Noticed a small abomination
    78 | Abyss:1  | Noticed a flying skull
    80 | D:1      | Escaped the Abyss
   438 | D:1      | Reached skill level 3 in Axes
   438 | D:1      | Reached XP level 2. HP: 26/26 MP: 2/2
   586 | D:1      | Reached * piety under Lugonu
  1078 | D:1      | Reached XP level 3. HP: 31/31 MP: 4/4
  1314 | D:2      | Reached skill level 4 in Axes
  1342 | D:2      | Reached XP level 4. HP: 39/39 MP: 5/5
  1463 | D:2      | Reached ** piety under Lugonu
  1673 | D:2      | Found an opulent altar of Gozag.
  2051 | D:3      | Reached XP level 5. HP: 42/45 MP: 6/6
  2077 | D:3      | Noticed Sigmund
  2095 | D:3      | Killed Sigmund
  2095 | D:3      | Reached skill level 5 in Axes
  2095 | D:3      | Reached XP level 6. HP: 39/51 MP: 6/8
  2503 | D:3      | Reached skill level 6 in Axes
  2555 | D:3      | Reached skill level 5 in Invocations
  3034 | D:4      | Reached XP level 7. HP: 44/57 MP: 10/10
  3136 | D:4      | Noticed Ijyb
  3151 | D:4      | Killed Ijyb
  3215 | D:4      | Reached skill level 7 in Axes
  3441 | D:4      | Got a smoking flail
  3592 | D:4      | Noticed Grinder
  3594 | D:4      | Paralysed by Grinder for 7 turns
  3604 | D:4      | Paralysed by Grinder for 4 turns
  3616 | D:4      | Killed Grinder
  3899 | D:4      | Noticed Menkaure
  3908 | D:4      | Killed Menkaure
  3908 | D:4      | Reached skill level 8 in Axes
  3908 | D:4      | Reached XP level 8. HP: 33/64 MP: 10/12
  4132 | D:4      | Noticed Edmund
  4138 | D:4      | Killed Edmund
  4194 | D:4      | Identified the +4 flail of Luxury {holy, *Noise rPois
                  | Int+4} (You found it on level 4 of the Dungeon)
  4196 | D:5      | Entered Level 5 of the Dungeon
  4533 | D:5      | Reached *** piety under Lugonu
  4596 | D:5      | Noticed Pikel
  4626 | D:5      | Killed Pikel
  4626 | D:5      | Reached skill level 9 in Axes
  4939 | D:5      | Noticed Prince Ribbit
  4948 | D:5      | Killed Prince Ribbit
  4948 | D:5      | Reached skill level 10 in Axes
  4948 | D:5      | Reached XP level 9. HP: 26/70 MP: 14/14
  6022 | D:6      | You fall into a shaft and drop 3 floors!
  6036 | D:9      | Found a basalt altar of Yredelemnul.
  6051 | D:9      | Reached skill level 11 in Axes
  6246 | D:8      | Reached **** piety under Lugonu
  6248 | D:8      | Reached skill level 12 in Axes
  6590 | D:6      | Identified the Handbook of the Blaze and Illusion
  7013 | D:7      | Found a staircase to the Ecumenical Temple.
  7732 | D:7      | Reached XP level 10. HP: 77/77 MP: 16/16
  8382 | D:8      | Found Sary's Gadget Shop.
  9087 | D:9      | Reached skill level 10 in Invocations
  9091 | D:9      | Reached skill level 13 in Axes
  9121 | D:9      | Found a staircase to the Orcish Mines.
  9221 | D:9      | Noticed a gargoyle
  9222 | D:9      | Reached ***** piety under Lugonu
  9232 | D:9      | Killed a gargoyle
  9276 | D:9      | Mangled by an orc warrior

Illustrated notes

Levels and vault maps discovered:
D:1:      eino_arrival_cavern_e, layout_loops_corners, dk_noncrumbling_2
D:2:      wad_crossroads, layout_rooms,
          nicolae_gozag_cash_rules_everything_around_me, minmay_pentomino_r4
D:3:      layout_loops_ring, uniq_sigmund
D:4:      layout_loops_corners, hangedman_decor_riveting,
          minmay_manual_monstrance, uniq_menkaure, uniq_grinder, uniq_edmund,
          uniq_ijyb
D:5:      layout_loops_corners, first_ration, uniq_pikel, uniq_prince_ribbit1
D:6:      layout_cave_pools
D:7:      layout_basic, minmay_temple_entry_statues_fountains
D:8:      layout_layer_cave, serial_shops, nicolae_shop_window_shopping
D:9:      layout_gridville, hiddenorc2_lemuel, david_nohive_1,
          hangedman_feature_mirror, tgw_trog, uniq_gastronok, uniq_maurice

Skill      XL: |  1  2  3  4  5  6  7  8  9 10 |
---------------+-------------------------------+-----
Invocations    | 2 3 4 5 6 8 9 10 | 10.3
Axes           | 3 4 5 6 8 10 12 13 | 13.5
Fighting       | |  3.6
Armour         | |  2.4
Dodging        | |  1.1

Action                   |  1- 3 |  4- 6 |  7- 9 | 10-12 || total
-------------------------+-------+-------+-------+-------++-------
Melee: Hand axe          |    56 |   143 |   284 |       ||   483
       Headbutt          |    10 |    19 |    77 |    20 ||   126
       War axe           |       |       |    78 |   132 ||   210
Invok: Depart the Abyss  |     1 |       |       |       ||     1
       Bend Space        |       |       |     1 |       ||     1
  Use: Scroll            |     6 |     3 |     8 |     2 ||    19
       Potion            |     2 |     5 |     5 |     1 ||    13
  Eat: Chunk             |     1 |     6 |    15 |     5 ||    27
Armor: Leather armour    |     2 |       |       |       ||     2
       Scale mail        |    13 |       |       |       ||    13
       Chain mail        |     9 |    63 |   107 |       ||   179
       Plate armour      |       |       |    72 |    94 ||   166
Dodge: Dodged            |    37 |    39 |    98 |    50 ||   224
